 Dungeon Crawl Stone Soup version 0.16.2-12-gd0ad4c3 (webtiles) character file.

189 gorblad the Skirmisher (level 6, -2/39 HPs)
             Began as a Kobold Abyssal Knight on Sept 10, 2015.
             Was a Believer of Lugonu.
             Killed by a spatial distortion (4 damage)
             ... on level 4 of the Dungeon.
             The game lasted 00:10:31 (3626 turns).

gorblad the Skirmisher (Kobold Abyssal Knight)      Turns: 3626, Time: 00:10:31

Health: -2/39      AC:  8    Str: 12    XL:     6   Next: 0%
Magic:  5/8        EV: 15    Int: 10    God:    Lugonu [**....]
Gold:   224        SH:  0    Dex: 16    Spells: 0 memorised, 5 levels left

rFire  . . .     SeeInvis .     a - +1 short sword
rCold  . . .     Clarity  .     o - +0 ring mail
rNeg   . . .     SustAb   .     (no shield)
rPois  .         Gourm    .     (no helmet)
rElec  .         Spirit   .     k - +2 cloak
rCorr  .         Warding  .     (no gloves)
rMut   .         Stasis   .     (no boots)
MR     .....                    (no amulet)
Stlth  +.........               (no ring)
                                (no ring)

@: not resistant to hostile enchantments, very unstealthy
A: carnivore 3
a: Depart the Abyss, Bend Space, Renounce Religion


You were on level 4 of the Dungeon.
You worshipped Lugonu.
Lugonu was pleased with you.
You were very full.

You visited 1 branch of the dungeon, and saw 4 of its levels.
You visited the Abyss 1 time.

You collected 224 gold pieces.

Inventory:

Hand weapons
 a - a +1 short sword (weapon)
Missiles
 f - 15 tomahawks (quivered)
Armour
 b - a +0 leather armour
 k - a +2 cloak (worn)
 o - a +0 ring mail (worn)
Scrolls
 i - 4 scrolls of remove curse
 n - a scroll of enchant armour
Potions
 e - a potion of poison {unknown}
 g - 2 potions of might {unknown}
 j - a potion of ambrosia {unknown}
Comestibles
 c - 2 meat rations
 l - a beef jerky


   Skills:
 + Level 4.5 Fighting
 + Level 3.7 Short Blades
 + Level 1.0 Throwing
 + Level 1.6 Armour
 + Level 4.3 Dodging
 + Level 2.4 Invocations


You had 5 spell levels left.
You didn't know any spells.

Dungeon Overview and Level Annotations

Branches:
Dungeon (4/15)             Temple (0/1) D:4

Altars:
Okawaru


Innate Abilities, Weirdness & Mutations

You are small and have problems with some larger weapons.
You are carnivorous and can eat meat at any time.


Message History

The goblin misses you.
You hit the hobgoblin.
You kill the hobgoblin!
Lugonu accepts your kill. The goblin closely misses you.
The hobgoblin closely misses you.
You hit the hobgoblin.
You kill the hobgoblin!
Lugonu accepts your kill.
You have reached level 6!
Your experience leads to an increase in your attributes!
Increase (S)trength, (I)ntelligence, or (D)exterity?
You feel stronger.
The goblin hits you but does no damage. x2
Drink which item? (? for menu, Esc to quit)
Okay, then.
Read which item? (? for menu, Esc to quit)
Okay, then.
Use which ability? (? or * to list) Space bends around you!
You blink.
You die...

#...........# #.#
##...(.gg...######.#
#....(g.....<..#..####
##...g......##........
##...g(....####......
######..### #.......
##..## ##...... ##..##
#...... ##@.## #......
##)†## ##..... #g§##
#..... #g## ##..[. ###
##... #... ##.. ##. ##


You could see 2 goblins.

Vanquished Creatures
  Jessica (D:3)
  Robin (D:4)
  2 gnolls (D:2)
  6 adders
  2 worms
  A giant gecko (D:2)
  3 orcs (D:3)
  9 bats
  7 goblins
  14 hobgoblins
  9 kobolds
  2 ball pythons
  4 giant newts
  A quokka (D:3)
  11 rats
73 creatures vanquished.

Notes
Turn   | Place    | Note
--------------------------------------------------------------
     0 | Abyss:1  | gorblad, the Kobold Abyssal Knight, began the quest for the Orb.
     0 | Abyss:1  | Reached XP level 1. HP: 14/14 MP: 1/1
    32 | Abyss:1  | Noticed a sixfirhy
    32 | Abyss:1  | Noticed a small abomination
    38 | D:1      | Escaped the Abyss
   557 | D:1      | Acquired Lugonu's first power
   557 | D:1      | Reached XP level 2. HP: 19/19 MP: 2/2
  1192 | D:2      | Reached skill level 4 in Fighting
  1192 | D:2      | Reached XP level 3. HP: 18/24 MP: 4/4
  1278 | D:2      | Reached skill level 1 in Armour
  1426 | D:2      | Reached XP level 4. HP: 29/29 MP: 5/5
  1684 | D:2      | Found an iron altar of Okawaru.
  1920 | D:2      | Reached XP level 5. HP: 29/34 MP: 6/6
  2114 | D:3      | Noticed Jessica
  2121 | D:3      | Killed Jessica
  2121 | D:3      | Acquired Lugonu's second power
  3508 | D:4      | Reached skill level 1 in Throwing
  3542 | D:4      | Found a staircase to the Ecumenical Temple.
  3567 | D:4      | Noticed Robin
  3621 | D:4      | HP: 1/34 [goblin[Robin] (2)]
  3623 | D:4      | Killed Robin
  3625 | D:4      | Reached XP level 6. HP: 1/39 MP: 5/8
  3626 | D:4      | Killed by a spatial distortion

Action                   |  1- 3 |  4- 6 || total
-------------------------+-------+-------++-------
Melee: Short sword       |    74 |   208 ||   282
Throw: Tomahawk          |     5 |    24 ||    29
Invok: Depart the Abyss  |     1 |       ||     1
       Bend Space        |       |     6 ||     6
  Use: Scroll            |     6 |     3 ||     9
       Potion            |       |     1 ||     1
  Eat: Chunk             |     8 |     7 ||    15
       Meat ration       |       |     1 ||     1
